 Dungeon Crawl Stone Soup version 0.31-a0-229-g1fc7ce93e2 (webtiles) character file.

Game seed: 3244476499137366504

55 qw the Chopper (level 3, -2/23 HPs)
             Began as a Gargoyle Fighter on July 6, 2023.
             Slain by a gnoll
             ... wielding a +0 whip
              (6 damage)
             ... on level 2 of the Dungeon.
             The game lasted 00:00:48 (1001 turns).

qw the Chopper (Gargoyle Fighter)                   Turns: 1001, Time: 00:00:49

Health: -2/23      AC: 13    Str: 21    XL:     3   Next: 93%
Magic:  3/3        EV:  9    Int:  8    God:
Gold:   91         SH:  4    Dex:  9    Spells: 2/2 levels left

rFire   . . .        Y - +0 war axe
rCold   . . .        c - +0 buckler
rNeg    + . .        b - +0 scale mail
rPois   inf          j - +1 helmet
rElec   +            m - +0 cloak
rCorr   .            (no gloves)
SInv    .            (no boots)
Will    .....        (no amulet) Stlth
                     (no ring)
HPRegen 0.23/turn    (no ring)
MPRegen 0.08/turn

%: no passive effects
@: no status effects
A: sickness immunity, AC +3, negative energy resistance 1, electricity
resistance, torment resistance 1, petrification resistance
a: no special abilities


You were on level 2 of the Dungeon.
You visited 1 branch of the dungeon, and saw 2 of its levels.

You collected 91 gold pieces.


Innate Abilities, Weirdness & Mutations

You are immune to sickness and miasma.
Your stone body is resilient. (AC +3)
You are immune to poison.
You resist negative energy. (rN+)
You are resistant to electric shocks. (rElec)
You are resistant to unholy torment.
You are immune to petrification.


   Skills:
 - Level 3.2 Fighting
 + Level 3.7 Axes
 - Level 3.2 Armour
 - Level 3.2 Shields


You had 2 spell levels left.
You didn't know any spells.
Your spell library was empty.

Inventory:

Hand Weapons
 k - a +0 club
 Y - a +0 war axe (weapon)
Armour
 b - a +0 scale mail (worn)
 c - a +0 buckler (worn)
 j - a +1 helmet (worn)
 m - a +0 cloak (worn)
Scrolls
 h - a scroll of identify
Potions
 d - a potion of might
 i - a potion of attraction

Dungeon Overview and Level Annotations

Branches:
Dungeon (2/15)

Altars:


Message History

The gnoll hits you with a +0 whip.
You rip the net and break free!
The gnoll hits you from afar with a +0 halberd.
You barely miss the gnoll. You block the gnoll's attack.
You slash the gnoll!
The gnoll is heavily wounded.
The gnoll barely misses you. x2; The gnoll misses you.
The gnoll hits you but does no damage. x2
You closely miss the gnoll.
The gnoll is heavily wounded.
You closely miss the gnoll.
The gnoll hits you but does no damage. x2; The gnoll misses you.
You hit the gnoll.
The gnoll is severely wounded.
You hit the gnoll but do no damage. You block the gnoll's attack.
The gnoll closely misses you. The gnoll hits you but does no damage.
The gnoll closely misses you. The gnoll barely misses you.
The gnoll hits you but does no damage.
You completely miss the gnoll.
The gnoll is severely wounded.
You hit the gnoll but do no damage. The gnoll hits you but does no damage.
The gnoll hits you with a +0 whip. The gnoll barely misses you.
You hit the gnoll.
The gnoll is severely wounded.
You barely miss the gnoll.
A hobgoblin comes into view.
The gnoll barely misses you.
The hobgoblin shouts!
You hit the gnoll but do no damage.
The gnoll is severely wounded.
You barely miss the gnoll. The gnoll closely misses you.
The gnoll barely misses you. x2
The gnoll hits you with a +0 whip. x2
You hit the gnoll.
You kill the gnoll!
You hit the gnoll. The gnoll hits you but does no damage.
The gnoll hits you with a +0 whip.
You die...

.###..##.###.#
.............##.#
########.######.# ###.
#.### #.# ..... # ##...#
#.###..... ## #....#
#.#.....# .## ##....#
#.#....?#.
..####....#####.#.......
..+.............@)g.....
..####..###.#####g......
.## #.## ##.# ..PPP.. ##
#:# #.# P...P.P # #.##
##.# P..g..P ##.###.##
PP....P ### ##...##
P...)P. ..# ##.##
P..P.P. #.# #.#


You could see 2 gnolls and a hobgoblin.

Vanquished Creatures
  A gnoll (D:2)
  An adder (D:2)
  2 dart slugs (D:1)
  4 bats
  3 endoplasms (D:1)
  A giant cockroach (D:2)
  4 goblins (D:1)
  4 hobgoblins (D:1)
  4 kobolds (D:1)
  4 quokkas
  A ball python (D:1)
  2 frilled lizards
  8 rats
39 creatures vanquished.

Notes
Turn   | Place    | Note
-------+----------+-------------------------------------------
     0 | D:1      | qw the Gargoyle Fighter began the quest for the Orb.
     0 | D:1      | Reached XP level 1. HP: 14/14 MP: 1/1
     0 | D:1      | 0 ||| qw: Version: 0.3-a-46-gb1f654a
     0 | D:1      | 0 ||| qw: Game counter: 1096
     0 | D:1      | 0 ||| qw: Melee chars always use a shield: true
     0 | D:1      | 0 ||| qw: God list: Okawaru
     0 | D:1      | 0 ||| qw: Allow faded altars: false
     0 | D:1      | 0 ||| qw: Do Orc after clearing Dungeon:15 true
     0 | D:1      | 0 ||| qw: Do second Lair branch before Depths: true
     0 | D:1      | 0 ||| qw: Lair rune preference: random
     0 | D:1      | 0 ||| qw: Goals: Normal, Zot:1-4, Slime:5, God:TSO, Crypt,
                  | Tomb, Abyss, Pan, Hells, Win
     0 | D:1      | 0 ||| PLANNING D:1-11
    61 | D:1      | 61 ||| Stepping ~*~*~tactically~*~*~ (hiding).
    62 | D:1      | 62 ||| Stepping ~*~*~tactically~*~*~ (hiding).
    70 | D:1      | Reached XP level 2. HP: 19/19 MP: 2/2
    71 | D:1      | 71 ||| Stepping ~*~*~tactically~*~*~ (stealth).
   222 | D:1      | 222 ||| Stepping ~*~*~tactically~*~*~ (stealth).
   453 | D:1      | Reached skill level 3 in Axes
   535 | D:1      | Reached XP level 3. HP: 23/23 MP: 3/3
   598 | D:1      | 598 ||| Stepping ~*~*~tactically~*~*~ (stealth).
   767 | D:1      | 767 ||| UPGRADING to +0 helmet.
   772 | D:1      | 772 ||| UPGRADING to +0 cloak.
   777 | D:1      | 777 ||| READING scroll labelled ZUCEUC FUID.
   778 | D:1      | 778 ||| READING scroll labelled NIGHUYMURE.
   779 | D:1      | 779 ||| READING scroll labelled TEPSUUWNOSEU.
   780 | D:1      | 780 ||| READING 2 scrolls labelled VUKAYPSERUT.
   781 | D:1      | 781 ||| READING scroll labelled JUCAJ NOHOF.
   786 | D:1      | 786 ||| DRINKING 2 dark potions.
   941 | D:2      | 941 ||| READING scroll of enchant armour.
   941 | D:2      | 941 ||| ENCHANTING +0 helmet.
   986 | D:2      | 986 ||| Stepping ~*~*~tactically~*~*~ (hiding).
  1000 | D:2      | HP: 4/23 [gnoll/+0 whip (5)]
  1001 | D:2      | Slain by a gnoll

Levels and vault maps discovered:
D:1:      amcnicky_arrival_single_pillar, layout_loops_ring, minmay_pentomino_w2
D:2:      layout_loops_corners, shapermc_ecumenical_altar_mp_highgroup,
          nicolae_grassy_gnolls, uniq_robin

Skill      XL: |  1  2 |
---------------+-------+-----
Axes           | 2 3 |  3.7
Fighting       | |  3.2
Armour         | |  3.2
Shields        | |  3.2

Action                     || total
---------------------------++-------
  Melee: War axe           ||   133
    Use: Scroll            ||     6
         Potion            ||     1
 Armour: Scale mail        ||    82
  Dodge: Dodged            ||    75
  Block: Buckler           ||    26

Table legend:
 A = Non-vault XP
 B = Vault XP
 C = Vault XP percentage of total XP
 D = Non-vault monster count
 E = Vault monster count
 F = Vault count percentage of total count
                 A         B        C        D         E       F
            +---------+---------+-------+---------+---------+-------
      Total |      73 |      21 |  22.3 |      36 |       3 |   7.7
            +---------+---------+-------+---------+---------+-------
        D:1 |      49 |       6 |  10.9 |      29 |       2 |   6.5
        D:2 |      24 |      15 |  38.5 |       7 |       1 |  12.5
            +---------+---------+-------+---------+---------+-------
